 Dungeon Crawl Stone Soup version 0.29-a0-8-g0446c0dae4 (webtiles) character file.

Game seed: 4936431308866907685

476 crazypyro the Chopper (level 6, -1/55 HPs)
             Began as a Deep Dwarf Fighter on Jan 27, 2022.
             Slain by Duvessa (11 damage)
             ... on level 4 of the Dungeon.
             The game lasted 00:05:37 (2052 turns).

crazypyro the Chopper (Deep Dwarf Fighter)          Turns: 2052, Time: 00:05:39

Health: -1/55      AC: 13    Str: 22    XL:     6   Next: 85%
Magic:  5/5        EV: 10    Int:  8    God:
Gold:   95         SH:  4    Dex: 12    Spells: 5/5 levels left

rFire   . . .      SeeInvis .   a - +2 war axe
rCold   . . .      Faith    .   c - +0 buckler
rNeg    . . .      Spirit   .   j - +0 plate armour
rPois   .          Reflect  .   (no helmet)
rElec   .          Harm     .   k - +0 cloak
rCorr   .          Rampage  .   (no gloves)
Will    .....                   (no boots)
Stlth   ..........              (no amulet)
HPRegen 0.00/turn               b - +4 ring of evasion
MPRegen 0.09/turn               (no ring)

@: no status effects
A: damage resistance, heal wounds, sense surroundings 1, no regeneration
a: Heal Wounds


You were on level 4 of the Dungeon.
You visited 1 branch of the dungeon, and saw 4 of its levels.

You collected 95 gold pieces.

Inventory:

Hand Weapons
 a - a +2 war axe (weapon)
Armour
 c - a +0 buckler (worn)
 j - a +0 plate armour (worn)
 k - a +0 cloak (worn)
Magical Staves
 l - a staff of earth
Jewellery
 b - a +4 ring of evasion (left hand)
 o - a ring of willpower
Scrolls
 i - 2 scrolls of identify
 m - a scroll of teleportation
 r - a scroll of holy word {unknown}
Potions
 d - a potion of might
 e - 2 potions of invisibility {unknown}
 f - a potion of berserk rage {unknown}
 g - a potion of flight
 h - 2 potions of curing {unknown}
 n - a potion of brilliance {unknown}
 p - a potion of ambrosia {unknown}
 q - a potion of resistance {unknown}


   Skills:
 - Level 2.8 Fighting
 * Level 6.7 Axes
 + Level 5.1 Armour
 - Level 1.5 Dodging
 - Level 3.4 Shields


You had 5 spell levels left.
You didn't know any spells.
Your spell library contained the following spells:

 Spells                   Type           Power      Damage    Failure   Level
 Inner Flame              Hex/Fire       0%         N/A       100%        3
 Animate Armour           Summ/Erth      0%         N/A       100%        4
 Cause Fear               Hex            0%         N/A       100%        4
 Blade Hands              Tmut           0%         N/A       100%        5
 Iron Shot                Conj/Erth      0%         9d1       100%        6
 Discord                  Hex            0%         N/A       100%        8


Dungeon Overview and Level Annotations

Branches:
Dungeon (4/15)
 Temple: D:4-7

Altars:

Annotations:
D:4 Duvessa, Pikel


Innate Abilities, Weirdness & Mutations

You are resistant to damage.
You can heal yourself by infusing magical energy.
You passively map a small area around you.
You do not regenerate.


Message History

You hit the lemure.
You kill the lemure!
That felt strangely unrewarding.
You hit the lemure.
Pikel says, "Dispater doesn't talk much, but I know they dig me."
Pikel barely misses you. The lemure completely misses you.
The lemure barely misses you. You block Pikel's attack.
You barely miss Pikel.
Pikel is heavily wounded.
You miss the lemure.
Duvessa rages.
Pikel hits you with a +0 whip of flaming.
* * * LOW HITPOINT WARNING * * *
Pikel burns you. The lemure barely misses you.
You closely miss Pikel.
Pikel is heavily wounded.
You completely miss the lemure. You block Pikel's attack.
Unknown command.
Activating: Heal Wounds (16% risk of failure)
Press: ? - help, Q - select action Dir - look around, f - activate
Okay, then.
Your magical essence is drained by the effort!
You feel much better. Duvessa barely misses you. The lemure hits you.
Pikel completely misses you.
You hit Pikel.
Pikel is severely wounded.
You closely miss the lemure. You hit Duvessa.
Duvessa hits you with a +2 short sword of holy wrath!
The lemure hits you but does no damage.
Duvessa hits you with a +2 short sword of holy wrath.
Pikel hits you with a +0 whip of flaming.
* * * LOW HITPOINT WARNING * * *
Pikel burns you.
You hit Pikel but do no damage.
Pikel is severely wounded.
You hit Duvessa but do no damage. You hit the lemure.
Duvessa hits you with a +2 short sword of holy wrath!
* * * LOW HITPOINT WARNING * * *
The lemure hits you but does no damage. You block Pikel's attack.
Duvessa hits you with a +2 short sword of holy wrath!
You die...

, * * #.#.# ##.# * *
......#.# #.# , ..#####.#*
#.# * , *#.# #..## #)# #.#
##. .###)##### , , #.#
##..##.##..# , , 5 ,
#.#### #.##.###.. *
....###5K5.######.##.# ##.
,, ......g5e@.....##.##)#
### ,
.....####......##.##.###..
.....########...).........
., .....>...####..##....##
, .########..........##.#
* ...# ###.......####.## *
* ..## #...####.....>..#
### ... #.### #..###....
,,..###.##.# ##.# ##.#.


You could see Pikel, Duvessa (berserk), 3 lemures and a hobgoblin.

Vanquished Creatures
  A lemure (D:4)
  Blork the orc (D:4)
  A bullfrog (D:4)
  Dowan (D:4)
  A jelly (D:3)
  A gnoll shaman (D:4)
  An orc priest (D:3)
  2 iguanas (D:4)
  3 gnolls (D:4)
  6 adders
  A dart slug (D:1)
  4 orcs (D:3)
  6 ball pythons
  13 endoplasms
  4 giant cockroaches
  5 goblins
  6 hobgoblins
  2 quokkas
  3 bats (D:1)
  2 frilled lizards (D:2)
  8 kobolds
  8 rats
80 creatures vanquished.

Vanquished Creatures (others)
  2 fungi (D:3)
  3 plants (D:4)
  10 toadstools (D:3)
15 creatures vanquished.

Grand Total: 95 creatures vanquished

Notes
Turn   | Place    | Note
-------+----------+-------------------------------------------
     0 | D:1      | crazypyro the Deep Dwarf Fighter began the quest for the
                  | Orb.
     0 | D:1      | Reached XP level 1. HP: 20/20 MP: 1/1
   193 | D:1      | Reached XP level 2. HP: 24/27 MP: 2/2
   607 | D:1      | Reached skill level 3 in Axes
   631 | D:2      | Reached skill level 1 in Dodging
   631 | D:2      | Reached XP level 3. HP: 22/33 MP: 3/3
   893 | D:2      | Found a faded altar of an unknown god.
  1186 | D:3      | Reached XP level 4. HP: 30/40 MP: 4/4
  1190 | D:3      | Reached skill level 4 in Axes
  1686 | D:3      | Reached XP level 5. HP: 23/48 MP: 5/5
  1805 | D:4      | Reached skill level 5 in Axes
  1833 | D:4      | Noticed Blork the orc
  1869 | D:4      | Killed Blork the orc
  1870 | D:4      | Reached XP level 6. HP: 20/55 MP: 6/6
  1933 | D:4      | Reached skill level 6 in Axes
  2009 | D:4      | Noticed Dowan
  2027 | D:4      | Killed Dowan
  2034 | D:4      | Noticed Pikel
  2039 | D:4      | Noticed Duvessa
  2041 | D:4      | Reached skill level 5 in Armour
  2052 | D:4      | Slain by Duvessa

Illustrated notes

Levels and vault maps discovered:
D:1:      mushboom_english_gardens, layout_loops_ring
D:2:      layout_rooms, chequers_ecumenical_altar_lobes
D:3:      cheibrodos_fertilizer, layout_basic, serial_glass, glass_columns_c,
          glass_columns_a
D:4:      layout_rooms, gammafunk_temple_overflow_forgotten, uniq_duvessa,
          uniq_blork_the_orc, uniq_pikel

Skill      XL: |  1  2  3  4  5  6 |
---------------+-------------------+-----
Axes           | 3 4 5 6 |  6.7
Dodging        | 1 |  1.5
Armour         | 4 5 |  5.1
Fighting       | |  2.8
Shields        | |  3.4

Action                   |  1- 3 |  4- 6 || total
-------------------------+-------+-------++-------
Melee: War axe           |    84 |   106 ||   190
 Abil: Heal Wounds       |     1 |     5 ||     6
  Use: Scroll            |     5 |     1 ||     6
Armor: Scale mail        |    31 |       ||    31
       Plate armour      |     7 |    49 ||    56
Dodge: Dodged            |    33 |    77 ||   110
Block: Buckler           |    12 |    23 ||    35

Table legend: (Time is in decaauts)
 A = Elapsed time spent in this place.
 B = Non-inter-level travel time spent in this place.
 C = Inter-level travel time spent in this place.
 D = Time resting spent in this place.
 E = Time spent auto-exploring this place.
 F = Levels seen in this place.
 G = Mean time per level.
                   A        B        C        D        E       F      G
               +--------+--------+--------+--------+--------+-----+--------+
         Total |   2113 |   2049 |     64 |      0 |   1540 |   4 |  528.2 |
       Dungeon |   2113 |   2049 |     64 |      0 |   1540 |   4 |  528.2 |
               +--------+--------+--------+--------+--------+-----+--------+

Top non-repeatable levels by time:
     D:3: 649 daAuts
     D:1: 640 daAuts
     D:2: 542 daAuts
     D:4: 282 daAuts
